 Dungeon Crawl Stone Soup version 0.24.0-123-gd5b16e6ec5 (webtiles) character file.

Game seed: 7130286773828261433, levelgen mode: deterministic

18886 Curus the Spear-Bearer (level 12, -10/98 HPs)
             Began as a Merfolk Gladiator on Dec 27, 2019.
             Was a High Priest of Makhleb.
             Mangled by a black mamba (16 damage)
             ... on level 4 of the Lair of Beasts.
             The game lasted 01:08:41 (12898 turns).

Curus the Spear-Bearer (Merfolk Gladiator)         Turns: 12898, Time: 01:08:42

Health: -10/98     AC: 11    Str: 15    XL:     12   Next: 63%
Magic:  0/19       EV: 22    Int:  8    God:    Makhleb [*****.]
Gold:   707        SH:  0    Dex: 19    Spells: 11/11 levels left

rFire    . . .     SeeInvis .   a - +3 trident
rCold    . . .     Gourm    .   (no shield)
rNeg     . . .     Faith    .   y - +3 leather armour
rPois    +         Spirit   +   g - +1 helmet
rElec    .         Reflect  .   r - +0 cloak
rCorr    .         Harm     .   h - +0 pair of gloves
MR       +....                  J - +0 pair of boots (curse)
Stlth    +.........             x - amulet of guardian spirit
HPRegen  0.26/turn              p - ring of poison resistance
MPRegen  0.16/turn              M - ring of protection from magic

@: lethally poisoned (-10 -> -31), studying Spellcasting
A: change form in water, swift swim, stealthy swim, sense surroundings 2,
MP-powered wands
a: Minor Destruction, Lesser Servant of Makhleb, Major Destruction, Greater
Servant of Makhleb, Renounce Religion


You were on level 4 of the Lair of Beasts.
You worshipped Makhleb.
Makhleb was extremely pleased with you.
You were not hungry.

You visited 2 branches of the dungeon, and saw 14 of its levels.
You also visited: Sewer.

You collected 707 gold pieces.

Inventory:

Hand Weapons
 a - a +3 trident (weapon)
 z - a +0 glaive
Missiles
 d - 5 throwing nets (quivered)
Armour
 b - a +0 leather armour
 c - a +0 helmet
 g - a +1 helmet (worn)
 h - a +0 pair of gloves (worn)
 r - a +0 cloak (worn)
 y - a +3 leather armour (worn)
 J - a cursed +0 pair of boots (worn)
Jewellery
 p - a ring of poison resistance (left hand)
 t - an uncursed ring of ice
 x - an amulet of guardian spirit (around neck)
 A - a +3 ring of intelligence
 K - an uncursed ring of magical power
 L - a +3 ring of evasion
 M - a ring of protection from magic (right hand)
Wands
 s - a wand of flame (13)
 w - a wand of scattershot (4)
 B - a wand of clouds (3)
 F - a wand of acid (22)
 G - a wand of paralysis (5)
 H - a wand of disintegration (19)
Scrolls
 e - 12 scrolls of identify
 i - 4 scrolls of fog
 k - 11 scrolls of remove curse
 l - 5 scrolls of teleportation
 o - a scroll of blinking
 u - a scroll of fear
 I - a scroll of amnesia
Potions
 j - 6 potions of flight
 m - 3 potions of magic
 n - 5 potions of curing
 q - 2 potions of heal wounds
 v - 2 potions of brilliance
 C - a potion of might
 E - 2 potions of agility
 N - a potion of lignification
Books
 D - a manual of Spellcasting
Comestibles
 f - 29 rations


   Skills:
 - Level 10.4 Fighting
 - Level 14.0 Polearms
 - Level 2.0 Throwing
 - Level 12.4 Dodging
 + Level 9.6 Invocations
 + Level 8.8 Evocations


You had 11 spell levels left.
You didn't know any spells.
Your spell library contained the following spells:

 Spells                   Type           Power        Failure   Level  Hunger
 Beastly Appendage        Tmut           #.....       47%         1    ##.....
 Confusing Touch          Hex            #.....       47%         1    ##.....
 Flame Tongue             Conj/Fire      #....        47%         1    ##.....
 Magic Dart               Conj           #...         47%         1    ##.....
 Sandblast                Erth           #.....       47%         1    ##.....
 Passwall                 Tmut/Erth      #.......     63%         2    ###....
 Searing Ray              Conj           #.....       63%         2    ###....
 Sticks to Snakes         Tmut           #.......     63%         2    ###....
 Throw Flame              Conj/Fire      #.....       63%         2    ###....
 Confuse                  Hex            #.......     85%         3    ####...
 Conjure Flame            Conj/Fire      #.......     85%         3    ####...
 Dazzling Spray           Conj/Hex       #.....       85%         3    ####...
 Gell's Gravitas          Tloc           #.........   85%         3    ####...
 Inner Flame              Hex/Fire       #.......     85%         3    ####...
 Spider Form              Tmut/Pois      #.........   85%         3    ####...
 Stone Arrow              Conj/Erth      #.....       85%         3    ####...
 Force Lance              Conj/Tloc      #.......     99%         4    #####..
 Fulminant Prism          Conj/Hex       #.........   99%         4    #####..
 Ice Form                 Ice/Tmut       #.......     99%         4    #####..
 Iskenderun's Mystic Bla  Conj           #.......     99%         4    #####..
 Petrify                  Tmut/Erth      #.......     99%         4    #####..
 Sticky Flame             Conj/Fire      #.......     99%         4    #####..
 Blade Hands              Tmut           #.........   100%        5    ######.
 Fireball                 Conj/Fire      #.........   100%        5    ######.
 Lee's Rapid Deconstruct  Erth           #.........   100%        5    ######.
 Metabolic Englaciation   Hex/Ice        #.........   100%        5    ######.
 Yara's Violent Unravell  Hex/Tmut       #.........   100%        5    ######.


Dungeon Overview and Level Annotations

Branches:
Dungeon (10/15)            Temple (0/1) D:6            Lair (4/6) D:10
 Shoals (0/4) Lair:3        Snake (0/4) Lair:4        Sewer (visited)
    Orc: D:9-12

Altars:
Ashenzari
Dithmenos
Hepliaklqana
Kikubaaqudgha
Makhleb
Ru
Sif Muna
Trog
Uskayaw
Vehumet
Wu Jian
Xom
Zin
The Shining One


Innate Abilities, Weirdness & Mutations

You revert to your normal form in water.
You are very nimble and swift while swimming.
You are very stealthy in the water. (Stealth+)
You passively map the area around you.
You expend magic power (3 MP) to strengthen your wands.


Message History

The black mamba poisons you!
You hit the black mamba.
The black mamba is lightly wounded.
You feel sick. The black mamba misses you.
You miss the black mamba.
The black mamba is lightly wounded.
You feel sick. The black mamba barely misses you. The black mamba bites you.
* * * LOW HITPOINT WARNING * * *
A demon appears!
You feel sick. The black mamba bites you!
* * * LOW HITPOINT WARNING * * *
You barely miss the black mamba.
The black mamba is lightly wounded.
The black mamba misses you.
You barely miss the black mamba.
The black mamba is lightly wounded.
You feel sick. The black mamba bites you.
* * * LOW HITPOINT WARNING * * *
You are lethally poisoned!
The black mamba poisons you! The black mamba bites you!!
You die...

.....##..## .#...##..# *
......#..#
.P...#.#.##### , *
.P...##......### * ,,
..P...#........### , *
............##...#### *
.......#............#..#
.....#<.........@3....#
.....###.P.....#S..##.#
..P..............### ,
..##P............. , ..#
###.###..#....# ,, ..#
...........# * *,, .##
,* ###......# ,** , .#
*, , ##.#...#* , , , .#*
,* ,*,* * *,


You could see a black mamba and a friendly neqoxec.

Vanquished Creatures
  2 two-headed ogres (D:9)
  A catoblepas (Lair:2)
  A manticore (Lair:3)
  5 spiny frogs
  3 komodo dragons
  2 rime drakes
  A hornet (D:9)
  7 blink frogs
  Prince Ribbit (D:5)
  6 hippogriffs
  A wyvern (Lair:2)
  17 yaks
  2 basilisks
  6 porcupines
  5 water moccasins
  Purgy (Sewer)
  An ice beast (D:7)
  2 sky beasts
  2 phantoms (D:6)
  5 orc warriors
  6 ogres
  8 wolves (Lair:1)
  2 centaurs
  6 crocodiles
  A big kobold (D:7)
  10 bullfrogs
  A gnoll sergeant (D:6)
  A scorpion (D:8)
  9 killer bees
  3 wights (D:6)
  2 howler monkeys
  6 crimson imps
  A centaur zombie (D:9)
  3 hounds
  2 jellies
  7 orc wizards
  6 orc priests
  2 centaur skeletons
  Jessica (D:5)
  3 iguanas
  5 worker ants
  3 hound skeletons
  2 howler monkey zombies
  5 gnolls
  3 howler monkey skeletons
  9 adders
  5 river rats (Lair:2)
  A shadow imp (D:6)
  3 adder skeletons
  A worm (D:2)
  2 dart slugs
  5 leopard geckos
  42 orcs
  2 ball pythons (Sewer)
  8 giant cockroaches
  7 goblins
  7 hobgoblins
  19 jackals
  12 kobolds
  3 quokkas
  A ball python skeleton (D:3)
  8 bats
  9 frilled lizards
  A jackal skeleton (D:7)
  A quokka skeleton (D:5)
  8 rats
  A plant (Lair:2)
324 creatures vanquished.

Vanquished Creatures (collateral kills)
  A hydra (Lair:3)
  A black mamba (Lair:3)
  An efreet (D:8)
  2 hippogriffs
  4 yaks
  A porcupine (Lair:2)
  A gnoll sergeant (D:8)
  2 gnolls (D:8)
  A jackal zombie (D:8)
14 creatures vanquished.

Grand Total: 338 creatures vanquished

Notes
Turn   | Place    | Note
-------+----------+-------------------------------------------
     0 | D:1      | Curus the Merfolk Gladiator began the quest for the Orb.
     0 | D:1      | Reached XP level 1. HP: 16/16 MP: 1/1
    48 | D:1      | Reached skill level 5 in Polearms
    52 | D:1      | Reached XP level 2. HP: 21/22 MP: 2/2
   401 | D:1      | Reached skill level 6 in Polearms
   401 | D:1      | Reached XP level 3. HP: 27/27 MP: 3/3
  1094 | D:2      | Found a burning altar of Makhleb.
  1094 | D:2      | Found a glowing golden altar of the Shining One.
  1095 | D:2      | Found a shattered altar of Ashenzari.
  1102 | D:2      | Became a worshipper of Makhleb the Destroyer
  1105 | D:2      | Found a sacrificial altar of Ru.
  1106 | D:2      | Found a radiant altar of Vehumet.
  1107 | D:2      | Found a glowing silver altar of Zin.
  1108 | D:2      | Found an ornate altar of the Wu Jian Council.
  1109 | D:2      | Found a bloodstained altar of Trog.
  1110 | D:2      | Found a shimmering altar of Xom.
  1414 | D:2      | Reached skill level 7 in Polearms
  1414 | D:2      | Reached XP level 4. HP: 22/33 MP: 4/4
  1813 | D:3      | Reached * piety under Makhleb
  1839 | D:3      | Found a glowing drain.
  1894 | Sewer    | Entered a sewer
  1939 | Sewer    | Noticed Purgy
  1951 | Sewer    | Killed Purgy
  1951 | Sewer    | Reached skill level 9 in Polearms
  1951 | Sewer    | Reached XP level 5. HP: 35/38 MP: 5/5
  2538 | D:4      | Reached XP level 6. HP: 26/44 MP: 6/6
  2601 | D:4      | Reached ** piety under Makhleb
  2659 | D:4      | Reached skill level 10 in Polearms
  2753 | D:4      | Found a shadowy altar of Dithmenos.
  3013 | D:4      | Reached XP level 7. HP: 46/50 MP: 7/7
  3146 | D:4      | Gained mutation: You passively map a small area around you.
                  | [potion of mutation]
  3146 | D:4      | Gained mutation: You passively map the area around you.
                  | [potion of mutation]
  3146 | D:4      | Gained mutation: You expend magic power (3 MP) to
                  | strengthen your wands. [potion of mutation]
  3198 | D:4      | Reached skill level 11 in Polearms
  3861 | D:5      | Entered Level 5 of the Dungeon
  3930 | D:5      | Reached skill level 12 in Polearms
  4227 | D:5      | Noticed Jessica
  4234 | D:5      | Killed Jessica
  4237 | D:5      | Found a shimmering blue altar of Sif Muna.
  4305 | D:5      | Noticed Prince Ribbit
  4309 | D:5      | Reached skill level 13 in Polearms
  4309 | D:5      | Reached XP level 8. HP: 52/56 MP: 8/8
  4324 | D:5      | Killed Prince Ribbit
  4666 | D:6      | Reached skill level 14 in Polearms
  4718 | D:6      | Reached skill level 5 in Dodging
  4736 | D:6      | Reached *** piety under Makhleb
  4884 | D:6      | Reached XP level 9. HP: 66/66 MP: 9/9
  4957 | D:6      | Reached skill level 5 in Fighting
  4978 | D:6      | Found an ancient bone altar of Kikubaaqudgha.
  5188 | D:6      | Found a staircase to the Ecumenical Temple.
  5992 | D:7      | Reached **** piety under Makhleb
  6317 | D:8      | Found a hide-covered altar of Uskayaw.
  6341 | D:8      | Noticed an efreet
  6366 | D:8      | Killed an efreet
  6366 | D:8      | Reached XP level 10. HP: 16/80 MP: 2/10
  6404 | D:8      | Reached skill level 10 in Dodging
  7904 | D:9      | Noticed a two-headed ogre
  7913 | D:9      | Killed a two-headed ogre
  8379 | D:9      | Noticed a two-headed ogre
  8397 | D:9      | Killed a two-headed ogre
  8397 | D:9      | Reached skill level 10 in Fighting
  8719 | D:9      | Reached XP level 11. HP: 81/92 MP: 9/11
  9015 | D:10     | Entered Level 10 of the Dungeon
  9025 | D:10     | Found a staircase to the Lair.
  9036 | Lair:1   | Entered Level 1 of the Lair of Beasts
  9045 | Lair:1   | Reached skill level 1 in Invocations
  9045 | Lair:1   | Reached skill level 1 in Evocations
  9142 | Lair:1   | Reached ***** piety under Makhleb
  9182 | Lair:1   | Found a hazy altar of Hepliaklqana.
  9552 | Lair:1   | Reached skill level 5 in Invocations
  9591 | Lair:1   | Reached skill level 5 in Evocations
 10431 | Lair:2   | Noticed a catoblepas
 10449 | Lair:2   | Killed a catoblepas
 10492 | Lair:2   | Reached XP level 12. HP: 67/98 MP: 4/17
 11629 | Lair:3   | Found a staircase to the Shoals.
 11662 | Lair:2   | HP: 2/98 [yak (9)]
 11821 | Lair:3   | Noticed a five-headed hydra
 11851 | Lair:3   | Killed a five-headed hydra
 12699 | Lair:4   | Found a staircase to the Snake Pit.
 12898 | Lair:4   | Mangled by a black mamba

Levels and vault maps discovered:
D:1:      lightli_arrival_flooded_house, layout_basic
D:2:      layout_rooms, minitemple, patterned_corridor
D:3:      layout_basic, cheibrodos_sewer_entry_drain
D:4:      cheibrodos_quashed, layout_basic, nicolae_overflow_hidden_temple,
          first_ration
D:5:      layout_basic, tgw_sif, uniq_prince_ribbit1
D:6:      layout_basic, nicolae_overflow_crystal_walls,
          minmay_temple_entry_gardened_gates, chequers_mini_garden
D:7:      layout_basic, grunt_ogre_cave, lightli_orcish_oven
D:8:      layout_basic, kennysheep_little_box, minmay_manual_maat
D:9:      layout_grid_maze
D:10:     minmay_the_grid_triangle_9x9_rhombus_full
          [minmay_the_grid_triangle_9x9_steps,
          minmay_the_grid_triangle_9x9_fully_insulated_deathbox,
          minmay_the_grid_triangle_9x9_subtriangle,
          minmay_the_grid_triangle_9x9_impossible_snake,
          minmay_the_grid_triangle_9x9_longest,
          minmay_the_grid_triangle_9x9_tough_junction,
          minmay_the_grid_triangle_9x9_swiss_cheese,
          minmay_the_grid_triangle_9x9_prize_schism], layout_loops_corners,
          minivault_16, chequers_serial_rivers_large_b
Lair:1:   layout_cave_pods, basic_altar, grunt_megastairs_1, lemuel_fruit_fields
Lair:2:   layout_layer_cave, pond
Lair:3:   layout_hall_layers, minmay_shoals_entry_beasts, grunt_megastairs_4
Lair:4:   layout_loops_ring, dummy_snake_entry, lemuel_fruit_tree

Skill      XL: |  1  2  3  4  5  6  7  8  9 10 11 12 |
---------------+-------------------------------------+-----
Polearms       | 5 6 7 9 10 13 14 | 14.0
Fighting       | 4 7 10 | 10.4
Dodging        | 6 9 12 | 12.4
Invocations    | 7 9 |  9.6
Evocations     | 6 8 |  8.8
Throwing       | |  2.0

Action                   |  1- 3 |  4- 6 |  7- 9 | 10-12 || total
-------------------------+-------+-------+-------+-------++-------
Melee: Trident           |   115 |   188 |   589 |   949 ||  1841
       Tailslap          |       |     3 |       |       ||     3
Invok: Lesser Servant of |       |       |     1 |     7 ||     8
Evoke: Wand              |       |       |       |     1 ||     1
  Use: Potion            |     3 |     3 |     4 |     3 ||    13
       Scroll            |     5 |     2 |     4 |     2 ||    13
 Stab: Sleeping          |     3 |     1 |     3 |     9 ||    16
       Distracted        |       |       |     1 |     5 ||     6
  Eat: Chunk             |     2 |     5 |     7 |     9 ||    23
       Ration            |       |       |     1 |     4 ||     5
Armor: Leather armour    |    22 |    56 |    59 |   129 ||   266
Dodge: Dodged            |    68 |   181 |   251 |   719 ||  1219
